 Dungeon Crawl Stone Soup version 0.17.1-2-g5865329 (webtiles) character file.

73 strmdvr the Ruffian (level 4, 45/45 HPs)
             Began as a Troll Berserker on Jan 12, 2016.
             Was a Believer of Trog.
             Quit the game on level 2 of the Dungeon.
             The game lasted 00:11:57 (1490 turns).

strmdvr the Ruffian (Troll Berserker)               Turns: 1490, Time: 00:11:57

Health: 45/45      AC:  5    Str: 25    XL:     4   Next: 8%
Magic:  3/3        EV: 10    Int:  4    God:    Trog [**....]
Gold:   108        SH:  0    Dex:  9    Spells: 0 memorised, 3 levels left

rFire  . . .     SeeInvis .       - Unarmed
rCold  . . .     Clarity  .     a - +0 animal skin
rNeg   . . .     SustAt   .     (no shield)
rPois  .         Gourm    +     (helmet restricted)
rElec  .         Spirit   .     (no cloak)
rCorr  .         Warding  .     (gloves unavailable)
rMut   .         Stasis   .     (boots unavailable)
MR     .....                    (no amulet)
Stlth  +.........               (no ring)
                                (no ring)

@: not resistant to hostile enchantments, very unstealthy
A: unfitting armour, claws 3, fast metabolism 3, gourmand, regeneration 2,
shaggy fur 1, tough skin 2
a: Berserk, Trog's Hand, Burn Spellbooks, Renounce Religion


You were on level 2 of the Dungeon.
You worshipped Trog.
Trog was pleased with you.
You were not hungry.

You visited 1 branch of the dungeon, and saw 2 of its levels.

You collected 108 gold pieces.

Inventory:

Hand Weapons
 k - a +0 club
Armour
 a - a +0 animal skin (worn)
Jewellery
 c - an uncursed ring of ice {unknown}
Scrolls
 e - a scroll of recharging {unknown}
 f - 3 scrolls of magic mapping {unknown}
 h - 4 scrolls of identify {unknown}
 i - a scroll of teleportation {unknown}
 n - a scroll of fog {unknown}
 p - a scroll of remove curse {unknown}
 s - a scroll of amnesia {unknown}
Potions
 g - 2 potions of brilliance {unknown}
 j - a potion of invisibility {unknown}
 q - a potion of curing {unknown}
 r - a potion of cure mutation {unknown}
Books
 m - a book of Spatial Translocations

   Spells                             Type                      Level
   a - Apportation                    Translocation                1
   b - Blink                          Translocation                2
   c - Shroud of Golubria             Charms/Translocation         2
   d - Portal Projectile              Translocation                3
   e - Teleport Other                 Translocation                3
   f - Passage of Golubria            Translocation                4
   Trog disapproves of the use of such an item.
Comestibles
 b - 3 bread rations
 d - a royal jelly
 l - a meat ration
 o - a beef jerky


   Skills:
 + Level 3.0 Fighting
 + Level 3.2 Dodging
 + Level 0.2 Stealth
 + Level 3.5 Unarmed Combat


You had 3 spell levels left.
You didn't know any spells.

Dungeon Overview and Level Annotations

Branches:
Dungeon (2/15)

Altars:


Innate Abilities, Weirdness & Mutations

You are too large for most types of armour.
You have claws for hands.
Your metabolism is lightning-fast.
You like to eat raw meat.
You heal very quickly.
You are covered in fur (AC +1).
You have very tough skin (AC +2).


Message History

Done exploring.
Done exploring.
Done exploring.
Done exploring.
Done exploring.
Done exploring.
Done exploring.
Done exploring.
Done exploring.
Done exploring.
Done exploring.
Done exploring.
Done exploring.
Done exploring.
Done exploring.
Done exploring.
Done exploring.
Done exploring.
Done exploring.
Are you sure you want to abandon this character and quit the game? (Confirm with "yes".)

......#........†..#........#####.
#....##.................#########
##..###.........†..####........##
#..# ##...........######........
##..###.......................<..
...............................##
##............###.#######......##
#......................#......##
####..#.##>###..@..............##
......#.##.###.........##.......#
.......................##.###....
........##.#...........#..#####..
.........#..........(...(..).....
.......#................(#######.
....÷..##.#...............# #.
................[.##......# #.
........#.#.(...###..#..### #.


There were no monsters in sight!

Vanquished Creatures
  3 adders (D:2)
  A worm (D:2)
  A giant gecko (D:2)
  9 bats
  3 giant cockroaches
  8 goblins
  3 hobgoblins (D:1)
  4 jackals (D:2)
  5 giant newts
  6 kobolds
  4 rats
47 creatures vanquished.

Notes
Turn   | Place    | Note
--------------------------------------------------------------
     0 | D:1      | strmdvr the Troll Berserker began the quest for the Orb.
     0 | D:1      | Reached XP level 1. HP: 22/22 MP: 0/0
    98 | D:1      | Reached XP level 2. HP: 27/29 MP: 1/1
   912 | D:1      | Reached ** piety under Trog
   988 | D:2      | Reached XP level 3. HP: 31/36 MP: 2/2
  1343 | D:2      | Reached XP level 4. HP: 43/45 MP: 3/3
  1490 | D:2      | Quit the game

Action                   |  1- 3 |  4- 6 || total
-------------------------+-------+-------++-------
Melee: Unarmed           |    98 |    15 ||   113
  Eat: Chunk             |    12 |       ||    12
